 Dungeon Crawl Stone Soup version 0.28-a0-249-g9004c80361 (webtiles) character file.

Game seed: 1040942875110925662

365 PentaManta the Ruffian (level 6, -1/51 HPs)
             Began as a Ghoul Abyssal Knight on Aug 26, 2021.
             Was a Believer of Lugonu.
             Slain by a gnoll (2 damage)
             ... on level 2 of the Dungeon.
             The game lasted 00:06:34 (2530 turns).

PentaManta the Ruffian (Ghoul Abyssal Knight)       Turns: 2530, Time: 00:06:35

Health: -1/51      AC:  9    Str: 18    XL:     6   Next: 68%
Magic:  5/6        EV:  7    Int:  7    God:    Lugonu [**....]
Gold:   115        SH:  0    Dex:  8    Spells: 5/5 levels left

rFire   . . .      SeeInvis +     - Unarmed
rCold   + . .      Faith    .   (no shield)
rNeg    + + +      Spirit   .   g - +0 chain mail
rPois   ∞          Reflect  .   (no helmet)
rElec   .          Harm     .   (no cloak)
rCorr   .          Rampage  .   (no gloves)
Will    .....                   j - +0 pair of boots
Stlth   ..........              (no amulet)
HPRegen 0.00/turn               k - ring of see invisible
MPRegen 0.10/turn               (no ring)

@: inhibited regen
A: claws 1, cold resistance 1, negative energy resistance 3, inhibited
regeneration, torment resistance 2
a: Renounce Religion, Depart the Abyss, Bend Space


You were on level 2 of the Dungeon.
You worshipped Lugonu.
Lugonu was pleased with you.
You visited 1 branch of the dungeon, and saw 3 of its levels.
You visited the Abyss 1 time.

You collected 115 gold pieces.

Inventory:

Hand Weapons
 d - a +0 dagger of venom
Armour
 g - a +0 chain mail (worn)
 j - a +0 pair of boots (worn)
Jewellery
 k - a ring of see invisible (left claw)
Scrolls
 b - a scroll of vulnerability {unknown}
 c - a scroll of blinking {unknown}
 f - 2 scrolls of teleportation {unknown}
 h - 3 scrolls of identify {unknown}
 i - a scroll of immolation {unknown}
 l - a scroll of fear {unknown}
 m - a scroll of magic mapping {unknown}
Potions
 a - a potion of might {unknown}
 e - a potion of degeneration {unknown}


   Skills:
 - Level 3.2 Fighting
 - Level 1.7 Armour
 - Level 0.8 Dodging
 + Level 7.4 Unarmed Combat
 + Level 2.5 Invocations


You had 5 spell levels left.
You didn't know any spells.
Your spell library contained the following spells:

 Spells                   Type           Power      Damage    Failure   Level
 Summon Guardian Golem    Hex/Summ       0%         N/A       100%        3
 Orb of Destruction       Conj           0%         N/A       100%        7
 Spellforged Servitor     Conj/Summ      0%         N/A       100%        7


Dungeon Overview and Level Annotations

Branches:
Dungeon (3/15)

Altars:
Yredelemnul

Shops:
D:1 ?

Annotations:
D:3 2 runed translucent doors


Innate Abilities, Weirdness & Mutations

You thrive by killing the living.
You are immune to poison.
You have sharp fingernails.
Your flesh is cold resistant. (rC+)
You are immune to negative energy. (rN+++)
You do not regenerate when monsters are visible.
You are immune to unholy pain and torment.


Message History

Unknown command.
You struggle against the net.
You struggle against the net.
The gnoll hits you from afar with a +0 halberd.
The gnoll hits you with a +0 flail. The gnoll hits you with a +0 whip.
You tear a large gash into the net.
The gnoll hits you but does no damage. The gnoll closely misses you.
The gnoll hits you with a +0 whip!
You rip the net and break free!
The gnoll hits you from afar with a +0 halberd!
The gnoll completely misses you. The gnoll hits you but does no damage.
A gnoll comes into view. It is wielding a +0 whip.
The gnoll hits you but does no damage.
There is an escape hatch in the ceiling here.
You closely miss the gnoll. The gnoll hits you with a +0 whip.
The gnoll hits you with a +0 flail. The gnoll hits you but does no damage.
There is an escape hatch in the ceiling here.
The gnoll hits you but does no damage.
The gnoll hits you from afar with a +0 halberd.
The gnoll barely misses you. A mysterious force pulls you upwards.
The hatch slams shut behind you.
You barely miss the gnoll. The gnoll barely misses you.
The gnoll closely misses you.
You barely miss the gnoll. The gnoll hits you but does no damage.
The gnoll hits you with a +0 flail!
* * * LOW HITPOINT WARNING * * *
Your chain mail prevents you from hitting the gnoll.
Your claw misses the gnoll. The gnoll hits you with a +0 flail.
* * * LOW HITPOINT WARNING * * *
You claw the gnoll!
The gnoll is almost dead.
You closely miss the gnoll.
The gnoll is almost dead.
The gnoll hits you but does no damage.
You completely miss the gnoll.
The gnoll is almost dead.
The gnoll hits you with a +0 flail!
* * * LOW HITPOINT WARNING * * *
Space bends around you!
You blink.
The gnoll hits you with a +0 whip.
You die...

# #.# ##.## #.# # #.# #.### #.# #
#.### #...# #.. ######### #...#
###.# ### ........# ###.# #.#
#######<# #§# #.# #.# #.# #.#
#.#######g## #.# #........g@# #.#
###### #########..# ##.## #.....
#..# #...###.####
#..#####.#.....# #
#####........(.##### ##
#.............##
.##########.##########.##########
............# #...........
.############ ############


You could see 2 gnolls.

Vanquished Creatures
  Grinder (D:3)
  An orc wizard (D:3)
  A howler monkey zombie (D:3)
  3 gnolls (D:3)
  3 adders
  An adder zombie (D:3)
  A worm (D:3)
  A dart slug (D:1)
  5 orcs (D:3)
  8 endoplasms
  2 giant cockroaches
  7 goblins
  A hobgoblin (D:3)
  7 jackals
  4 kobolds
  A quokka (D:1)
  6 ball pythons
  2 bats
  2 frilled lizards (D:2)
  A giant cockroach zombie (D:3)
  A quokka zombie (D:3)
  4 rats
63 creatures vanquished.

Vanquished Creatures (others)
  A plant (D:1)
1 creature vanquished.

Grand Total: 64 creatures vanquished

Notes
Turn   | Place    | Note
-------+----------+-------------------------------------------
     0 | Abyss:1  | PentaManta the Ghoul Abyssal Knight began the quest for the
                  | Orb.
     0 | Abyss:1  | Reached XP level 1. HP: 19/19 MP: 1/1
    40 | Abyss:1  | Noticed a worldbinder
    41 | D:1      | Escaped the Abyss
   208 | D:1      | Reached * piety under Lugonu
   209 | D:1      | Reached skill level 3 in Unarmed Combat
   209 | D:1      | Reached XP level 2. HP: 26/26 MP: 2/2
   218 | D:1      | Found Saari's Magic Scroll Shop.
   376 | D:1      | Reached XP level 3. HP: 21/31 MP: 3/3
   596 | D:1      | Found a faded altar of an unknown god.
   783 | D:2      | Reached skill level 4 in Unarmed Combat
  1228 | D:2      | Reached XP level 4. HP: 32/38 MP: 4/4
  1411 | D:3      | Reached ** piety under Lugonu
  1427 | D:3      | Reached skill level 5 in Unarmed Combat
  1464 | D:3      | Found a large runed translucent door.
  1464 | D:3      | Found a large runed translucent door.
  1531 | D:3      | Found a basalt altar of Yredelemnul.
  1668 | D:3      | Noticed Grinder
  1669 | D:3      | Paralysed by Grinder for 3 turns
  1689 | D:3      | Paralysed by Grinder for 4 turns
  1709 | D:3      | Paralysed by Grinder for 4 turns
  1713 | D:3      | Killed Grinder
  1714 | D:3      | Reached skill level 7 in Unarmed Combat
  1714 | D:3      | Reached XP level 5. HP: 10/45 MP: 5/5
  1714 | D:3      | Reached XP level 6. HP: 12/51 MP: 6/6
  2530 | D:2      | Slain by a gnoll

Illustrated notes

Levels and vault maps discovered:
D:1:      psy_arrival_whirlpool, layout_rooms, serial_shops,
          nicolae_shop_crystal, shapermc_ecumenical_altar_notcrosses,
          st_stairs_7, minmay_fountain_box, minivault_14, minmay_misc_feat_room,
          minmay_shallow_snake_nest
D:2:      layout_loops_ring
D:3:      minmay_wonky_spiral, layout_loops_cross,
          nicolae_yredelemnul_corpse_copse, jmf_multi_god_temple2, uniq_grinder

Skill      XL: |  1  2  3  4 |
---------------+-------------+-----
Unarmed Combat | 3 4 7 |  7.4
Fighting       | |  3.2
Armour         | |  1.7
Dodging        | |  0.8
Invocations    | |  2.5

Action                   |  1- 3 |  4- 6 || total
-------------------------+-------+-------++-------
Melee: Unarmed           |    96 |   111 ||   207
       Punch             |     2 |     1 ||     3
Invok: Depart the Abyss  |     1 |       ||     1
       Bend Space        |       |     1 ||     1
Armor: Ring mail         |    26 |       ||    26
       Chain mail        |    11 |    74 ||    85
Dodge: Dodged            |    52 |    40 ||    92

Table legend: (Time is in decaauts)
 A = Elapsed time spent in this place.
 B = Non-inter-level travel time spent in this place.
 C = Inter-level travel time spent in this place.
 D = Time resting spent in this place.
 E = Time spent auto-exploring this place.
 F = Levels seen in this place.
 G = Mean time per level.
                   A        B        C        D        E       F      G
               +--------+--------+--------+--------+--------+-----+--------+
         Total |   2518 |   2455 |     63 |    132 |   1693 |   4 |  629.5 |
       Dungeon |   2477 |   2414 |     63 |    132 |   1693 |   3 |  825.7 |
         Abyss |     41 |     41 |      0 |      0 |      0 |   1 |   41.0 |
               +--------+--------+--------+--------+--------+-----+--------+

Top non-repeatable levels by time:
     D:3: 1105 daAuts
     D:2: 694 daAuts
     D:1: 678 daAuts
 Abyss:1: 41 daAuts
